 Dungeon Crawl Stone Soup version 0.27.1-33-g824d729ab1 (webtiles) character file.

Game seed: 10847694822070787963

40 ticklebelly the Chopper (level 3, -2/34 HPs)
             Began as a Minotaur Berserker on Jan 1, 2022.
             Was a Believer of Trog.
             Slain by an orc priest (8 damage)
             ... on level 2 of the Dungeon.
             The game lasted 00:02:38 (704 turns).

ticklebelly the Chopper (Minotaur Berserker)         Turns: 704, Time: 00:02:39

Health: -2/34      AC:  6    Str: 22    XL:     3   Next: 30%
Magic:  2/2        EV:  7    Int:  4    God:    Trog [**....]
Gold:   42         SH:  8    Dex:  9    Spells: 2/2 levels left

rFire    . . .     SeeInvis .   a - +0 hand axe
rCold    . . .     Faith    .   c - +0 kite shield
rNeg     . . .     Spirit   .   e - +0 scale mail
rPois    .         Reflect  .   (helmet restricted)
rElec    .         Harm     .   (no cloak)
rCorr    .         Rampage  .   (no gloves)
Will     .....                  (no boots)
Stlth    ..........             (no amulet)
HPRegen  0.11/turn              (no ring)
MPRegen  0.08/turn              (no ring)

@: no status effects
A: horns 2, retaliatory headbutt
a: Renounce Religion, Berserk, Trog's Hand


You were on level 2 of the Dungeon.
You worshipped Trog.
Trog was pleased with you.
You visited 1 branch of the dungeon, and saw 2 of its levels.

You collected 42 gold pieces.

Inventory:

Hand Weapons
 a - a +0 hand axe (weapon)
Armour
 b - a +0 animal skin
 c - a +0 kite shield (worn)
 e - a +0 scale mail (worn)
Scrolls
 d - a scroll of immolation {unknown}
 f - a scroll of amnesia {unknown}
 g - a scroll of noise {unknown}
Potions
 h - a potion of flight {unknown}
 i - a potion of attraction {unknown}


   Skills:
 + Level 4.3 Fighting
 + Level 4.3 Axes
 - Level 2.5 Armour
 - Level 2.2 Dodging
 + Level 1.3 Shields


You had 2 spell levels left.
You didn't know any spells.
Your spell library was empty.

Dungeon Overview and Level Annotations

Branches:
Dungeon (2/15)

Altars:


Innate Abilities, Weirdness & Mutations

You have a pair of horns on your head.
You reflexively headbutt those who attack you in melee.


Message History

An orc comes into view. It is wielding a +0 flail.
The orc shouts!
An orc comes into view. It is wielding a +0 whip.
An orc priest comes into view. It is wielding a +0 trident.
The orc priest shouts!
A bat comes into view.
You block the orc's attack.
The orc priest looks satisfied for a moment.
You hit the orc.
You kill the orc!
Trog accepts your kill.
You closely miss the orc.
The orc priest mumbles some strange prayers to Beogh against you.
Beogh smites you! The orc closely misses you. You furiously retaliate!
You headbutt the orc!
You kill the orc!
Trog accepts your kill. You block the bat's attack. The bat hits you.
The orc priest barely misses you.
Items here: )) [ ††.
You barely miss the bat. You block the bat's attack.
The orc priest hits you from afar with a +0 trident.
The orc priest hits you but does no damage.
You closely miss the orc priest.
You headbutt the orc priest, but do no damage.
The bat hits you but does no damage. You block the bat's attack.
You block the orc priest's attack.
You closely miss the orc priest. The bat barely misses you.
The orc priest invokes the aid of Beogh against you.
Pain shoots through your body!
* * * LOW HITPOINT WARNING * * *
The bat barely misses you.
The orc priest casts a cantrip, but nothing happens.
You hit the orc priest but do no damage.
You miss the bat. The bat hits you but does no damage.
The orc priest hits you with a +0 trident.
* * * LOW HITPOINT WARNING * * *
You barely miss the orc priest. Your headbutt misses the orc priest.
You block the bat's attack.
The orc priest hits you with a +0 trident!
You die...

........ ..( .......##
#.. ........###..#
........)#.#.#
........#.##.# .
.....(.......# ...
##...........######.....
...............)@o.#
##.#.#.####.#####...# ..
#†# #.# .....# #. #.#
#.. .....# # #.# #.##
....## # #.# #.# ...##
#..###(####.# #.##
#....<........ .#
#.####......#.


You could see an orc priest.

Vanquished Creatures
  A worm (D:2)
  2 dart slugs (D:1)
  2 orcs (D:2)
  2 giant cockroaches (D:1)
  3 goblins (D:1)
  4 hobgoblins (D:1)
  4 jackals (D:1)
  4 ball pythons (D:1)
  2 frilled lizards (D:1)
  2 kobolds (D:1)
  4 rats (D:1)
30 creatures vanquished.

Notes
Turn   | Place    | Note
-------+----------+-------------------------------------------
     0 | D:1      | ticklebelly the Minotaur Berserker began the quest for the
                  | Orb.
     0 | D:1      | Reached XP level 1. HP: 19/19 MP: 0/0
   158 | D:1      | Reached XP level 2. HP: 22/27 MP: 1/1
   441 | D:1      | Reached ** piety under Trog
   442 | D:1      | Reached skill level 1 in Shields
   473 | D:1      | Reached XP level 3. HP: 33/33 MP: 2/2
   704 | D:2      | Slain by an orc priest

Illustrated notes

Levels and vault maps discovered:
D:1:      dpeg_arrival_round_b, layout_rooms
D:2:      layout_loops_ring, hellmonk_ecumenical_altar_arch_garden

Skill      XL: |  1  2 |
---------------+-------+-----
Fighting       | 4 |  4.3
Axes           | 4 |  4.3
Shields        | 1 |  1.3
Armour         | |  2.5
Dodging        | |  2.2

Action                   || total
-------------------------++-------
Melee: Hand axe          ||    62
       Headbutt          ||     8
Armor: Scale mail        ||    20
Dodge: Dodged            ||    28
Block: Kite shield       ||    24
